 Dungeon Crawl Stone Soup version 0.21.1-1-g345015f (webtiles) character file.

536 yevrey the Ruffian (level 7, 0/85 HPs)
             Began as a Pale Draconian Transmuter on Apr 8, 2018.
             Killed from afar by Dowan (5 damage)
             ... with a wand of flame (23)
             ... on level 4 of the Dungeon.
             The game lasted 00:11:26 (3790 turns).

yevrey the Ruffian (Pale Draconian Transmuter)      Turns: 3790, Time: 00:11:27

Health: 0/85       AC:  6    Str: 22    XL:     7   Next: 4%
Magic:  9/12       EV: 12    Int: 16    God:
Gold:   123        SH:  0    Dex: 11    Spells: 7/13 levels left

rFire    . . .     SeeInvis .     - Unarmed
rCold    . . .     Gourm    .   (no shield)
rNeg     . . .     Faith    .   (armour unavailable)
rPois    .         Spirit   .   (helmet restricted)
rElec    .         Reflect  .   (no cloak)
rCorr    .         Harm     .   (no gloves)
MR       .....                  (no boots)
Stlth    ..........             (no amulet)
HPRegen  0.24/turn              n - +2 ring of strength
MPRegen  0.13/turn              s - +3 ring of strength

@: berserking, lethally poisoned (0 -> -9), hasted, very quick
A: breathe steam, unfitting armour, cold-blooded, AC +6
a: Breathe Steam


You were on level 4 of the Dungeon.
You were not hungry.

You visited 1 branch of the dungeon, and saw 5 of its levels.

You collected 123 gold pieces.

Inventory:

Missiles
 a - 29 arrows
Jewellery
 f - a +2 ring of strength
 n - a +2 ring of strength (left hand)
 s - a +3 ring of strength (right hand)
Scrolls
 d - a scroll of random uselessness {unknown}
 e - 3 scrolls of fog {unknown}
 g - 2 scrolls of fear {unknown}
 h - a scroll of immolation {unknown}
 i - 3 scrolls of enchant weapon {unknown}
 j - 3 scrolls of identify {unknown}
 k - 5 scrolls of remove curse
 l - 2 scrolls of blinking {unknown}
 m - 2 scrolls of teleportation {unknown}
 p - a scroll of magic mapping {unknown}
 q - a scroll of amnesia {unknown}
Books
 b - a book of Changes

   Spells                             Type                      Level
   a - Beastly Appendage              Transmutation                1
   b - Sticks to Snakes               Transmutation                2
   c - Spider Form                    Transmutation/Poison         3
   d - Ice Form                       Ice/Transmutation            4
   e - Blade Hands                    Transmutation                5
Comestibles
 c - 5 rations
 o - 4 chunks of flesh


   Skills:
 + Level 3.1 Fighting
 - Level 1.7 Dodging
 + Level 5.2 Unarmed Combat
 + Level 3.5 Spellcasting
 + Level 3.6 Transmutations
 * Level 2.5 Poison Magic


You had 7 spell levels left.
You knew the following spells:

 Your Spells              Type           Power        Failure   Level  Hunger
a - Beastly Appendage     Tmut           ##....       4%          1    None
b - Sticks to Snakes      Tmut           ##......     6%          2    ##.....
c - Spider Form           Tmut/Pois      ##........   14%         3    ###....


Dungeon Overview and Level Annotations

Branches:
Dungeon (5/15)
 Temple: D:4-7

Altars:
Dithmenos

Annotations:
D:4 Dowan


Innate Abilities, Weirdness & Mutations

You can breathe blasts of scalding, opaque steam.
Your pale cyan-grey scales are hard. (AC +6)
You cannot fit into any form of body armour.
You are cold-blooded and may be slowed by cold attacks.


Message History

The worker ant closely misses you.
You barely miss the worker ant.
The worker ant is almost dead.
* * * LOW HITPOINT WARNING * * *
You feel sick.
You punch the worker ant!
You kill the worker ant!
You have reached level 7!
Your scales start taking on a pale cyan-grey colour.
You learn Fire Magic quicker.
You learn Air Magic quicker.
You learn Evocations quicker.
You can breathe blasts of scalding, opaque steam.
* * * LOW HITPOINT WARNING * * *
You feel sick.
You are too berserk!
You pummel the orc!!
You kill the orc!
Dowan shakes with grief.
Dowan zaps a wand.
The puff of flame hits you!
You die...

#..........# #.#
#.###.####.# #.##### # #.#
#.# #.....# #.# #.# #####.#
... #.# #.# ....##.##
#####.#####
.......e.########.........#
......#..#........#######.#
....e..#e.#@######.# #.#
.....##..#)# #.# #.#
...!.....#)# #># #..
#..#####..e# #.# #.# ..s
##..# #.# #.# ...#
#.#######.# ##.##
#.........# ... #####.#####
... #.#


You could see Dowan.

Vanquished Creatures
  Duvessa (D:4)
  2 scorpions (D:4)
  A hound (D:4)
  An orc priest (D:4)
  A bullfrog skeleton (D:4)
  2 worker ants (D:4)
  The ghost of oved the Magician, a weakling DEWz (D:3)
  Robin (D:3)
  4 gnolls
  4 adders
  An ooze (D:1)
  2 worms
  A dart slug (D:4)
  3 leopard geckos
  2 orcs (D:4)
  10 bats
  5 giant cockroaches
  21 goblins
  15 hobgoblins
  2 jackals (D:1)
  6 frilled lizards
  8 kobolds
  5 rats
99 creatures vanquished.

Vanquished Creatures (collateral kills)
  An adder (D:2)
  A giant cockroach (D:1)
  2 kobolds (D:1)
4 creatures vanquished.

Grand Total: 103 creatures vanquished

Notes
Turn   | Place    | Note
-------+----------+-------------------------------------------
     0 | D:1      | yevrey the Draconian Transmuter began the quest for the Orb.
     0 | D:1      | Reached XP level 1. HP: 16/16 MP: 3/3
   140 | D:1      | Reached XP level 2. HP: 23/23 MP: 5/5
   144 | D:1      | Learned a level 2 spell: Sticks to Snakes
   556 | D:1      | Reached XP level 3. HP: 23/29 MP: 4/6
   561 | D:1      | Learned a level 3 spell: Spider Form
  1358 | D:2      | Reached XP level 4. HP: 35/36 MP: 5/7
  1719 | D:2      | Reached skill level 1 in Poison Magic
  2119 | D:3      | Reached skill level 4 in Unarmed Combat
  2155 | D:3      | Reached XP level 5. HP: 20/42 MP: 3/9
  2451 | D:3      | Noticed Robin
  2482 | D:3      | Killed Robin
  2947 | D:3      | Noticed oved's ghost (weakling DEWz)
  2955 | D:3      | Killed oved's ghost
  3106 | D:4      | Reached XP level 6. HP: 50/50 MP: 4/10
  3297 | D:3      | Found a shadowy altar of Dithmenos.
  3509 | D:5      | Entered Level 5 of the Dungeon
  3744 | D:4      | Noticed Duvessa
  3753 | D:4      | Noticed Dowan
  3782 | D:4      | Killed Duvessa
  3782 | D:4      | Reached skill level 5 in Unarmed Combat
  3789 | D:4      | Your scales start taking on a pale cyan-grey colour.
  3789 | D:4      | Reached XP level 7. HP: 6/57 MP: 9/12
  3790 | D:4      | Killed from afar by Dowan

Skill      XL: |  1  2  3  4  5  6 |
---------------+-------------------+-----
Fighting       | 2 3 |  3.1
Poison Magic   | 1 2 |  2.5
Unarmed Combat | 4 5 |  5.2
Spellcasting   | 3 |  3.5
Transmutations | 3 |  3.6
Dodging        | |  1.7

Action                   |  1- 3 |  4- 6 |  7- 9 || total
-------------------------+-------+-------+-------++-------
Melee: Unarmed           |   112 |   180 |     1 ||   293
       Headbutt          |     8 |     1 |       ||     9
       Tailslap          |     3 |     6 |       ||     9
       Kick              |     1 |    10 |       ||    11
       Punch             |     1 |     1 |       ||     2
 Cast: Beastly Appendage |    17 |    14 |       ||    31
       Sticks to Snakes  |     2 |     7 |       ||     9
       Spider Form       |     7 |    17 |       ||    24
 Abil: End Transformatio |       |     1 |       ||     1
  Use: Scroll            |       |     1 |       ||     1
       Potion            |       |     2 |       ||     2
  Eat: Chunk             |     4 |    10 |       ||    14
Armor: Skin              |    34 |    36 |       ||    70
Dodge: Dodged            |    69 |   135 |       ||   204
